BSA
GREENVILLE 84S @ VISTA PANTHERS
08/14/2029
 
TOP OF THE 1ST
Greenville 84s batting - Pitching for Vista Panthers : RHP Dillon Nelson
Pitching: RHP Dillon Nelson
Batting: RHB Carlos Torres 0-0: Foul Ball, location: 2F
0-1: Ball
1-1: SINGLE (Groundball, 34S) (infield hit)
Batting: LHB Paco Rosas 0-0: DOUBLE (Line Drive, 89XD)
Carlos Torres to third
Runner from 3rd tries for Home, SAFE, no throw
Batting: RHB Enzo Díaz 0-0: Ball
1-0: Ball
2-0: Called Strike
2-1: Called Strike
2-2: Strikes out swinging
Batting: LHB Juan Cortés 0-0: Foul Ball, location: 2F
0-1: Ball
1-1: Foul Ball, location: 2F
1-2: Ball
2-2: Fly out, F8 (Flyball, 8LM)
Batting: LHB Brock Larsen 0-0: Foul Ball, location: 2F
0-1: Ball
1-1: Ball
2-1: Ball
3-1: 2-RUN HOME RUN (Flyball, 9D), Distance : 471 ft
Batting: LHB Jimmy Vickers 0-0: Ball
1-0: Ball
2-0: Called Strike
2-1: Ball
3-1: Base on Balls
Batting: RHB Robert Buckley 0-0: Called Strike
0-1: Ball
1-1: Foul Ball, location: 2F
1-2: Fly out, F9 (Flyball, 89S)
Top of the 1st over - 3 runs, 3 hits, 0 errors, 1 left on base; Greenville 3 - Vista 0
BOTTOM OF THE 1ST
Vista Panthers batting - Pitching for Greenville 84s : LHP Hong-ryul Yun
Pitching: LHP Hong-ryul Yun
Batting: RHB Johnny Williams 0-0: Called Strike
0-1: Called Strike
0-2: Ball
1-2: Ball
2-2: Foul Ball, location: 2F
2-2: Ball
3-2: Strikes out looking
Batting: RHB Phil Matthews 0-0: Ball
1-0: Called Strike
1-1: Ball
2-1: Ground out 5-3 (Groundball, 56S)
Batting: RHB Carlos García 0-0: Called Strike
0-1: Ball
1-1: Ball
2-1: SINGLE (Groundball, 6MD)
Batting: LHB Dante Owens 0-0: Ground out U3 (Groundball, 3)
Bottom of the 1st over - 0 runs, 1 hit, 0 errors, 1 left on base; Greenville 3 - Vista 0
TOP OF THE 2ND
Greenville 84s batting - Pitching for Vista Panthers : RHP Dillon Nelson
Batting: LHB Chris Moore 0-0: Ball
1-0: Called Strike
1-1: Called Strike
1-2: Foul Ball, location: 2F
1-2: Ball
2-2: Ball
3-2: Foul Ball, location: 2F
3-2: Foul Ball, location: 2F
3-2: Foul Ball, location: 2F
3-2: Foul Ball, location: 2F
3-2: Foul Ball, location: 2F
3-2: SINGLE (Groundball, 56D)
Batting: RHB Casey Fox 0-0: Swinging Strike
0-1: Foul Ball, location: 2F
0-2: Fly out, F8 (Line Drive, 89D)
Batting: RHB Carlos Torres 0-0: Called Strike
0-1: Called Strike
0-2: Strikes out swinging
Batting: LHB Paco Rosas 0-0: Called Strike
0-1: Fly out, F8 (Flyball, 8RS)
Top of the 2nd over - 0 runs, 1 hit, 0 errors, 1 left on base; Greenville 3 - Vista 0
BOTTOM OF THE 2ND
Vista Panthers batting - Pitching for Greenville 84s : LHP Hong-ryul Yun
Batting: RHB Justin Burgess 0-0: Ball
1-0: Swinging Strike
1-1: Ball
2-1: Ball
3-1: Foul Ball, location: 2F
3-2: SINGLE (Line Drive, 4M)
Batting: RHB Cisco Gatán 0-0: Ball
1-0: Foul Ball, location: 2F
1-1: Swinging Strike
1-2: Ball
2-2: Ball
3-2: Fly out, F9 (Flyball, 9S)
Batting: RHB Griswold Coleman 0-0: Fly out, F9 (Flyball, 9LMF)
Batting: LHB Francisco Marino 0-0: Ball
1-0: Ball
2-0: Swinging Strike
2-1: Called Strike
2-2: Foul Ball, location: 2F
2-2: Foul Ball, location: 2F
2-2: Foul Ball, location: 2F
2-2: Strikes out looking
Bottom of the 2nd over - 0 runs, 1 hit, 0 errors, 1 left on base; Greenville 3 - Vista 0
TOP OF THE 3RD
Greenville 84s batting - Pitching for Vista Panthers : RHP Dillon Nelson
Batting: RHB Enzo Díaz 0-0: Foul Ball, location: 2F
0-1: Ball
1-1: Swinging Strike
1-2: SINGLE (Groundball, 56D)
Batting: LHB Juan Cortés 0-0: DOUBLE (Groundball, 3L)
Enzo Díaz to third
Batting: LHB Brock Larsen 0-0: Called Strike
0-1: Foul Ball, location: 2F
0-2: Ball
1-2: Fly out, F9 (Line Drive, 89M)
Runner from 3rd tags up, SCORES, throw made
Juan Cortés to third
Batting: LHB Jimmy Vickers 0-0: Ball
1-0: Ball
2-0: Ball
3-0: Called Strike
3-1: Called Strike
3-2: Strikes out swinging
Batting: RHB Robert Buckley 0-0: Ball
1-0: Ball
2-0: Called Strike
2-1: Fly out, F6 (Line Drive, 6M)
Top of the 3rd over - 1 run, 2 hits, 0 errors, 1 left on base; Greenville 4 - Vista 0
BOTTOM OF THE 3RD
Vista Panthers batting - Pitching for Greenville 84s : LHP Hong-ryul Yun
Batting: LHB Ramiro Martínez 0-0: Foul Ball, location: 2F
0-1: Ground out U3 (Groundball, 34)
Batting: RHB Johnny Williams 0-0: Called Strike
0-1: Ball
1-1: Foul Ball, location: 2F
1-2: Ball
2-2: Foul Ball, location: 2F
2-2: Foul Ball, location: 2F
2-2: Ground out 4-3 (Groundball, 4S)
Batting: RHB Phil Matthews 0-0: Called Strike
0-1: Called Strike
0-2: DOUBLE (Line Drive, 7LM)
Batting: RHB Carlos García 0-0: Ball
1-0: Called Strike
1-1: Swinging Strike
1-2: Foul Ball, location: 2F
1-2: Fly out, F7 (Flyball, 78S)
Bottom of the 3rd over - 0 runs, 1 hit, 0 errors, 1 left on base; Greenville 4 - Vista 0
TOP OF THE 4TH
Greenville 84s batting - Pitching for Vista Panthers : RHP Dillon Nelson
Now at SS: Francisco Medina
Batting: LHB Chris Moore 0-0: Ball
1-0: Foul Ball, location: 2F
1-1: Swinging Strike
1-2: Ball
2-2: Strikes out swinging
Batting: RHB Casey Fox 0-0: Foul Ball, location: 2F
0-1: Ball
1-1: SINGLE (Flyball, 9S)
Batting: RHB Carlos Torres 0-0: Fly out, F9 (Line Drive, 9LD)
Batting: LHB Paco Rosas 0-0: Ball
1-0: Ball
2-0: Called Strike
2-1: Foul Ball, location: 2F
2-2: Fly out, F8 (Line Drive, 8RS)
Top of the 4th over - 0 runs, 1 hit, 0 errors, 1 left on base; Greenville 4 - Vista 0
BOTTOM OF THE 4TH
Vista Panthers batting - Pitching for Greenville 84s : LHP Hong-ryul Yun
Batting: LHB Dante Owens 0-0: Foul Ball, location: 2F
0-1: Ball
1-1: Fly out, F8 (Flyball, 8LD)
Batting: LHB Francisco Medina 0-0: Ball
1-0: Ball
2-0: Ball
3-0: Called Strike
3-1: Base on Balls
Batting: RHB Cisco Gatán 0-0: Ball
Francisco Medina is caught stealing 2nd base
1-0: Ground out 4-3 (Groundball, 4)
Bottom of the 4th over - 0 runs, 0 hits, 0 errors, 0 left on base; Greenville 4 - Vista 0
TOP OF THE 5TH
Greenville 84s batting - Pitching for Vista Panthers : RHP Dillon Nelson
Batting: RHB Enzo Díaz 0-0: Swinging Strike
0-1: Foul Ball, location: 2F
0-2: Ball
1-2: Ball
2-2: Strikes out looking
Batting: LHB Juan Cortés 0-0: Ground out 6-3 (Groundball, 6)
Batting: LHB Brock Larsen 0-0: Ball
1-0: Ball
2-0: Ball
3-0: Base on Balls
Batting: LHB Jimmy Vickers 0-0: Ball
Brock Larsen steals 2nd base
1-0: DOUBLE (Line Drive, 9D)
Brock Larsen scores
Pitching: RHP Jesse Green
Batting: RHB Robert Buckley 0-0: Swinging Strike
0-1: Called Strike
0-2: Ball
1-2: Foul Ball, location: 2F
1-2: SINGLE (Line Drive, 34)
Jimmy Vickers to third
Runner from 3rd tries for Home, SAFE, no throw
Batting: LHB Chris Moore 0-0: Swinging Strike
0-1: Ball
1-1: Foul Ball, location: 2F
1-2: Ball
2-2: Fly out, F7 (Flyball, 78M)
Top of the 5th over - 2 runs, 2 hits, 0 errors, 1 left on base; Greenville 6 - Vista 0
BOTTOM OF THE 5TH
Vista Panthers batting - Pitching for Greenville 84s : LHP Hong-ryul Yun
Batting: RHB Griswold Coleman 0-0: Ball
1-0: Called Strike
1-1: Called Strike
1-2: Strikes out swinging
Batting: LHB Francisco Marino 0-0: Ground out 1-3 (Groundball, 13)
Batting: LHB Ramiro Martínez 0-0: Swinging Strike
0-1: Called Strike
0-2: Foul Ball, location: 2F
0-2: Ball
1-2: Foul Ball, location: 2F
1-2: Strikes out looking
Bottom of the 5th over - 0 runs, 0 hits, 0 errors, 0 left on base; Greenville 6 - Vista 0
TOP OF THE 6TH
Greenville 84s batting - Pitching for Vista Panthers : RHP Jesse Green
Batting: RHB Casey Fox 0-0: Called Strike
0-1: Ball
1-1: Ball
2-1: Called Strike
2-2: SINGLE (Groundball, 6MD)
Batting: RHB Carlos Torres 0-0: Called Strike
0-1: Foul Ball, location: 2F
0-2: Ball
1-2: Foul Ball, location: 2F
1-2: Foul Ball, location: 2F
1-2: Fly out, F8 (Flyball, 8RS)
Batting: LHB Paco Rosas 0-0: Foul Ball, location: 2F
0-1: Ball
1-1: Ball
2-1: SINGLE (Groundball, 3) (infield hit)
Casey Fox to second
Batting: RHB Enzo Díaz 0-0: SINGLE (Line Drive, 6M)
Casey Fox to third
Paco Rosas to second
Batting: LHB Juan Cortés 0-0: DOUBLE (Line Drive, 7D)
Casey Fox scores
Paco Rosas scores
Enzo Díaz to third
Runner from 3rd tries for Home, SAFE, no throw
Batting: LHB Brock Larsen 0-0: Swinging Strike
0-1: Foul Ball, location: 2F
0-2: Ball
1-2: Ball
2-2: Ball
3-2: Base on Balls
Batting: LHB Jimmy Vickers 0-0: Called Strike
0-1: Swinging Strike
0-2: Strikes out swinging
Batting: RHB Robert Buckley 0-0: Foul Ball, location: 2F
0-1: Ball
1-1: Foul Ball, location: 2F
1-2: Ball
Wild Pitch!
Juan Cortés to third
Brock Larsen to second
2-2: SINGLE (Line Drive, 56)
Juan Cortés scores
Brock Larsen to third
Runner from 3rd tries for Home, SAFE, no throw
Batting: LHB Chris Moore 0-0: Called Strike
0-1: Ball
1-1: Ball
2-1: Foul Ball, location: 2F
2-2: Ball
3-2: Ground out 4-3 (Groundball, 4)
Top of the 6th over - 5 runs, 5 hits, 0 errors, 1 left on base; Greenville 11 - Vista 0
BOTTOM OF THE 6TH
Vista Panthers batting - Pitching for Greenville 84s : LHP Hong-ryul Yun
Batting: RHB Johnny Williams 0-0: Ball
1-0: Ball
2-0: Called Strike
2-1: Fly out, F7 (Flyball, 7S)
Batting: RHB Phil Matthews 0-0: Ball
1-0: Ball
2-0: Foul Ball, location: 2F
2-1: Ground out 6-3 (Groundball, 6)
Batting: RHB Carlos García 0-0: Swinging Strike
0-1: Foul Ball, location: 2F
0-2: Ball
1-2: Fly out, F9 (Flyball, 9S)
Bottom of the 6th over - 0 runs, 0 hits, 0 errors, 0 left on base; Greenville 11 - Vista 0
TOP OF THE 7TH
Greenville 84s batting - Pitching for Vista Panthers : RHP Jesse Green
Batting: RHB Casey Fox 0-0: Ball
1-0: Swinging Strike
1-1: Ground out 6-3 (Groundball, 6)
Batting: RHB Carlos Torres 0-0: Ball
1-0: Ball
2-0: Called Strike
2-1: Foul Ball, location: 2F
2-2: Ball
3-2: Ground out 6-3 (Groundball, 6)
Batting: LHB Paco Rosas 0-0: Foul Ball, location: 2F
0-1: Ball
1-1: Ground out 4-3 (Groundball, 34)
Top of the 7th over - 0 runs, 0 hits, 0 errors, 0 left on base; Greenville 11 - Vista 0
BOTTOM OF THE 7TH
Vista Panthers batting - Pitching for Greenville 84s : LHP Hong-ryul Yun
Batting: LHB Dante Owens 0-0: Called Strike
0-1: Called Strike
0-2: Ball
1-2: Ball
2-2: Ball
3-2: Foul Ball, location: 2F
3-2: Foul Ball, location: 2F
3-2: SINGLE (Line Drive, 3D)
Batting: LHB Francisco Medina 0-0: Swinging Strike
0-1: Swinging Strike
0-2: Strikes out swinging
Batting: RHB Cisco Gatán 0-0: Ball
Dante Owens steals 2nd base
1-0: Foul Ball, location: 2F
1-1: Ball
2-1: Ground out 1-6-3 (Groundball, 15S)
Dante Owens to third
Batting: RHB Griswold Coleman 0-0: Called Strike
0-1: Fly out, F7 (Flyball, 7LS)
Bottom of the 7th over - 0 runs, 1 hit, 0 errors, 1 left on base; Greenville 11 - Vista 0
TOP OF THE 8TH
Greenville 84s batting - Pitching for Vista Panthers : RHP Jesse Green
Batting: RHB Enzo Díaz 0-0: Ball
1-0: Called Strike
1-1: Foul Ball, location: 2F
1-2: Foul Ball, location: 2F
1-2: Strikes out swinging
Batting: LHB Juan Cortés 0-0: Called Strike
0-1: Ball
1-1: Ball
2-1: Ball
3-1: Base on Balls
Pitching: RHP Joe Shoemaker
Batting: LHB Brock Larsen 0-0: Called Strike
0-1: Foul Ball, location: 2F
0-2: Grounds into double play, 6-4-3 (Groundball, 6)
Top of the 8th over - 0 runs, 0 hits, 0 errors, 0 left on base; Greenville 11 - Vista 0
BOTTOM OF THE 8TH
Vista Panthers batting - Pitching for Greenville 84s : LHP Hong-ryul Yun
Batting: LHB Francisco Marino 0-0: TRIPLE (Line Drive, 7LD)
Batting: LHB Ramiro Martínez 0-0: SINGLE (Groundball, 4MD)
Francisco Marino scores
Batting: RHB Johnny Williams 0-0: Ball
1-0: Ball
2-0: Ball
3-0: Called Strike
3-1: Base on Balls
Ramiro Martínez to second
Batting: RHB Phil Matthews 0-0: Ball
1-0: Ball
2-0: Ball
3-0: Base on Balls
Ramiro Martínez to third
Johnny Williams to second
Batting: RHB Carlos García 0-0: Ball
1-0: Grounds into double play, 4-6-3 (Groundball, 34D)
Ramiro Martínez scores
Johnny Williams to third
Batting: LHB Dante Owens 0-0: Ball
1-0: Foul Ball, location: 2F
1-1: Foul Ball, location: 2F
1-2: Fly out, F9 (Flyball, 9)
Bottom of the 8th over - 2 runs, 2 hits, 0 errors, 1 left on base; Greenville 11 - Vista 2
TOP OF THE 9TH
Greenville 84s batting - Pitching for Vista Panthers : RHP Joe Shoemaker
Batting: LHB Jimmy Vickers 0-0: SINGLE (Groundball, 6MD)
Batting: RHB Robert Buckley 0-0: Swinging Strike
0-1: Called Strike
0-2: Ball
1-2: Foul Ball, location: 2F
1-2: DOUBLE (Flyball, 8RXD)
Jimmy Vickers to third
Batting: LHB Chris Moore 0-0: Swinging Strike
0-1: Foul Ball, location: 2F
0-2: Strikes out swinging
Batting: RHB Casey Fox 0-0: Fly out, F4 (Line Drive, 34)
Lined into DP, 4-6 (Line Drive, 34)
Top of the 9th over - 0 runs, 2 hits, 0 errors, 1 left on base; Greenville 11 - Vista 2
BOTTOM OF THE 9TH
Vista Panthers batting - Pitching for Greenville 84s : LHP Hong-ryul Yun
Batting: LHB Francisco Medina 0-0: DOUBLE (Line Drive, 9LM)
Batting: RHB Cisco Gatán 0-0: Ground out U3 (Groundball, 34S)
Francisco Medina to third
Batting: RHB Griswold Coleman 0-0: Called Strike
0-1: Foul Ball, location: 2F
0-2: Ball
1-2: Strikes out looking
Pitching: LHP Sam Kettley
Batting: LHB Francisco Marino 0-0: Ball
1-0: Foul Ball, location: 2F
1-1: Ball
2-1: Ball
3-1: SINGLE (Line Drive, 6D)
Francisco Medina scores
Batting: LHB Ramiro Martínez 0-0: Called Strike
0-1: Called Strike
0-2: Ball
1-2: Strikes out swinging
Bottom of the 9th over - 1 run, 2 hits, 0 errors, 1 left on base; Greenville 11 - Vista 3
Saturday, December 16th, 2017 - OOTP Baseball 18.8 Build 76